 Dungeon Crawl Stone Soup version 0.31-a0-360-gb3e1d13bf4 (webtiles) character file.

Game seed: 2433578974088195366

234 CraigForest the Ruffian (level 5, -19/37 HPs)
             Began as a Vampire Shapeshifter on July 26, 2023.
             Killed from afar by a steam dragon (24 damage)
             ... with a ball of steam
             ... on level 4 of the Dungeon.
             The game lasted 00:26:26 (2284 turns).

CraigForest the Ruffian (Vampire Shapeshifter)      Turns: 2284, Time: 00:26:27

Health: -19/37     AC:  2    Str: 16    XL:     5   Next: 75%
Magic:  5/5        EV: 16    Int: 10    God:
Gold:   155        SH:  8    Dex: 15    Spells: 4/4 levels left

rFire   . .          .
                       - Unarmed
rCold   . . .        q - +0 kite shield
rNeg    . . .        l - +1 robe of the Cicada {Rampage Will+}
rPois   .            (helmet currently unavailable)
rElec   .            n - melded +1 cloak
rCorr   .            g - melded +0 pair of gloves
SInv    +            (boots currently unavailable)
Will    .....        (no amulet)
Stlth   ++           p - +5 ring of evasion
HPRegen 0.46/turn    (no ring)
MPRegen 0.09/turn

%: rampage
@: beast-form, weak-willed, healing quickly
A: beast (slay +2), alive, fangs 3, see invisible, vampiric 2, horns 2, deformed
body
a: Exsanguinate, Begin Untransformation


You were on level 4 of the Dungeon.
You were a hulking beast.
You visited 1 branch of the dungeon, and saw 4 of its levels.

You collected 155 gold pieces.

Inventory:

Hand Weapons
 f - a +0 dagger
 i - a +2 short sword of flaming
Missiles
 e - 6 curare-tipped darts
 m - 4 javelins
Armour
 a - a +0 animal skin
 g - a +0 pair of gloves (melded)
 l - the +1 robe of the Cicada (worn) {Rampage Will+}
   (You found it on level 2 of the Dungeon)

   Rampage:   It bestows one free step when moving towards enemies.
   Will:      It increases your willpower.
 n - a +1 cloak (melded)
 q - a +0 kite shield (worn)
 s - a scarf of shadows
Jewellery
 p - a +5 ring of evasion (left hand)
Talismans
 c - a beast talisman
 d - a granite talisman
Scrolls
 k - a scroll of amnesia
Potions
 b - a potion of lignification
 h - a potion of ambrosia {unknown}
 j - a potion of curing {unknown}
 o - a potion of mutation


   Skills:
 + Level 1.2 Fighting
 + Level 2.7 Dodging
 + Level 1.5 Stealth
 * Level 5.9 Unarmed Combat
 * Level 4.2 Shapeshifting


You had 4 spell levels left.
You didn't know any spells.
Your spell library contained the following spells:

 Spells                   Type           Power      Damage    Failure   Level
 Inner Flame              Hex/Fire       0%         N/A       98%         3
 Portal Projectile        Hex/Tloc       0%         N/A       98%         3
 Tukima's Dance           Hex            0%         N/A       98%         3
 Iskenderun's Mystic Bla  Conj/Tloc      0%         2d3       100%        4
 Yara's Violent Unravell  Hex/Tmut       0%         3d3       100%        5
 Enfeeble                 Hex            0%         N/A       100%        7


Dungeon Overview and Level Annotations

Branches:
Dungeon (4/15)
 Temple: D:4-7

Altars:
Kikubaaqudgha
Trog

Annotations:
D:4 Natasha


Innate Abilities, Weirdness & Mutations

You are a hulking beast.
Your limbs bulge with bestial killing power. (Slay +2)
Your natural rate of healing is accelerated.
You have razor-sharp teeth.
You have supernaturally acute eyesight. (SInv)
You are afflicted with vampirism and can become a bat while bloodless.
You have a pair of horns on your head.
Armour fits poorly on your strangely shaped body.


Message History

o - 2 potions of mutation You feel extremely strange.
A pair of horns grows on your head!
Your body twists and deforms.
The horns on your head grow some more.
As you read the scroll labelled TAFUT UMIK, it crumbles to dust.
Magic quickly surges around you.
It was a scroll of vulnerability.
Natasha, Servant of Life and Death comes into view.
She is carrying a wand of flame.
Natasha moves out of view.
A kobold comes into view. It is wielding a +0 dagger.
You see here a metallic golden potion.
You rampage towards the kobold!
The helpless kobold fails to defend itself.
You punch the kobold!
You kill the kobold!
h - a metallic golden potion
Things that are here:
a +0 dagger; 3 stones; a kobold corpse A steam dragon comes into view.
The steam dragon hisses angrily.
You rampage towards the steam dragon!
The steam dragon completely misses you. The steam dragon closely misses you.
You hit the steam dragon. Your bite misses the steam dragon.
The steam dragon is lightly wounded.
The steam dragon bites you. You block the steam dragon's attack.
You closely miss the steam dragon. You headbutt the steam dragon.
The steam dragon is lightly wounded.
The steam dragon breathes steam at you. The ball of steam hits you!
The steam dragon bites you!
* * * LOW HITPOINT WARNING * * *
The steam dragon misses you.
Okay, then.
The steam dragon attacks as you move away!
The steam dragon bites you.
* * * LOW HITPOINT WARNING * * *
The steam dragon claws you but does no damage.
The steam dragon breathes steam at you. The ball of steam hits you!!
Ouch! That really hurt!
You die...

##.###....)....##.#..##........
#...#..........#...............
#.......##...........#.........
###....##...##......#..........
####........#§....#.##.........
#....#......§#....#.......###..
#..#######.§###D.......#..##..#
#...#### ##.#.§......###......#
##......###....h......###)......
##.......#.#)....................
#...##...#...................##..
#........#.......................
..................#.............#
....#.............###............
........#....................[...
......#####.......###............
##...#### ##.....####............


You could see a steam dragon (catching breath).

Vanquished Creatures
  A scorpion (D:4)
  An iguana (D:4)
  Natasha (D:4)
  4 adders
  A worm (D:2)
  3 dart slugs
  3 orcs (D:3)
  4 endoplasms
  4 giant cockroaches
  5 goblins
  5 hobgoblins
  8 jackals
  2 quokkas
  5 ball pythons
  3 bats
  3 frilled lizards
  10 kobolds
  3 rats
66 creatures vanquished.

Notes
Turn   | Place    | Note
-------+----------+-------------------------------------------
     0 | D:1      | CraigForest the Vampire Shapeshifter began the quest for
                  | the Orb.
     0 | D:1      | Reached XP level 1. HP: 14/14 MP: 1/1
   245 | D:1      | Reached skill level 1 in Fighting
   266 | D:1      | Reached XP level 2. HP: 21/21 MP: 2/2
   609 | D:2      | Reached skill level 4 in Unarmed Combat
   609 | D:2      | Gained mutation: You are afflicted with vampirism and can
                  | become a bat while bloodless. [Vampire growth]
   609 | D:2      | Reached XP level 3. HP: 15/26 MP: 3/3
   622 | D:2      | Identified the +1 robe of the Cicada {Rampage Will+}
  1305 | D:3      | Reached XP level 4. HP: 32/32 MP: 4/4
  1823 | D:3      | Found a bloodstained altar of Trog.
  2014 | D:4      | Reached skill level 5 in Unarmed Combat
  2146 | D:4      | Noticed a scorpion
  2153 | D:4      | Killed a scorpion
  2154 | D:4      | Reached skill level 1 in Stealth
  2154 | D:4      | Reached XP level 5. HP: 35/37 MP: 5/5
  2177 | D:4      | Found an ancient bone altar of Kikubaaqudgha.
  2187 | D:4      | Noticed Natasha
  2205 | D:4      | Killed Natasha
  2249 | D:4      | Gained mutation: You have a pair of small horns on your
                  | head. [potion of mutation]
  2249 | D:4      | Gained mutation: Armour fits poorly on your strangely
                  | shaped body. [potion of mutation]
  2249 | D:4      | Gained mutation: You have a pair of horns on your head.
                  | [potion of mutation]
  2252 | D:4      | Noticed Natasha
  2275 | D:4      | Noticed a steam dragon
  2284 | D:4      | Killed from afar by a steam dragon

Illustrated notes

Levels and vault maps discovered:
D:1:      minmay_arrival_four_houses, layout_loops_ring
D:2:      layout_rooms
D:3:      layout_loops_corners, lemuel_coloured_pillars_altar,
          kennysheep_generic_room_6
D:4:      layout_cave_pools, chequers_temple_overflow_statue_of_worship,
          uniq_natasha

Skill      XL: |  1  2  3  4 |
---------------+-------------+-----
Fighting       | 1 |  1.2
Unarmed Combat | 4 5 |  5.9
Shapeshifting  | 4 |  4.2
Stealth        | 1 |  1.5
Dodging        | |  2.7

Action                     |  1- 3 |  4- 6 || total
---------------------------+-------+-------++-------
  Melee: Unarmed           |   101 |    67 ||   168
         Bite              |    11 |     7 ||    18
         Punch             |     2 |       ||     2
         Headbutt          |       |     1 ||     1
Ability: Begin Untransform |     1 |     1 ||     2
    Use: Scroll            |     5 |     5 ||    10
         Potion            |       |     1 ||     1
   Stab: Distracted        |     1 |       ||     1
         Sleeping          |     1 |     2 ||     3
 Armour: Animal skin       |     3 |       ||     3
         Robe              |     8 |    11 ||    19
  Dodge: Dodged            |    62 |    39 ||   101
  Block: Kite shield       |       |    13 ||    13
   Form: Beast             |     1 |     1 ||     2

Table legend: (Time is in decaauts)
 A = Elapsed time spent in this place.
 B = Non-inter-level travel time spent in this place.
 C = Inter-level travel time spent in this place.
 D = Time resting spent in this place.
 E = Time spent auto-exploring this place.
 F = Levels seen in this place.
 G = Mean time per level.
                   A        B        C        D        E       F      G
               +--------+--------+--------+--------+--------+-----+--------+
         Total |   2278 |   1644 |    634 |      0 |   1044 |   4 |  569.5 |
       Dungeon |   2278 |   1644 |    634 |      0 |   1044 |   4 |  569.5 |
               +--------+--------+--------+--------+--------+-----+--------+

Top non-repeatable levels by time:
     D:3: 948 daAuts
     D:1: 587 daAuts
     D:2: 451 daAuts
     D:4: 291 daAuts
